azgula, chaotic female human Rogue --------- |.......| |.......| ----------- |.......| --------------- ------------ |.[[[[[.[[| |.......| |.............+ `##|..........| #-.[[[.)[).| |...>...| |.............| ##-..........| #|.[)I.[)[)| -.---|-+- ..............| # |.......>..| #|.[).)[.[)| ## |{............|### ----.------- #----------- # # -----------|---# # ## ### # ## # # # # # # # # # ########## ########################## # # -|---------- --------.---# # # |..<.......| |..........-# # @ |..........| |..........|############## B |..........| |..`.......|###``####-|-|----.-------# |..........| ------------ |..............-) ------------ |..............| ---------------- azgula the Cutpurse Experience level: 3 Strength: 14 Dexterity: 18 Constitution: 15 Intelligence: 11 Wisdom: 11 Charisma: 7 Health: 0(27) Energy: 12(12) Def: 3 Gold: 24 Moves: 1615 Dungeon seed: KqYCJPyMv9XDI66I Game ID: azgula_1528439769 Your Inventory: Coins $ - 24 gold pieces Weapons a - a +0 short sword (weapon in hand) b - 14 +0 daggers (in quiver) h - 2 +0 orcish daggers C - a +0 elven bow Armor e - an uncursed +1 leather armor (being worn) n - an uncursed +0 pair of jumping boots q - an uncursed +0 orcish helm r - an uncursed +1 orcish helm y - a cursed -1 pair of gauntlets of fumbling (being worn) z - an uncursed +0 pair of high boots N - a cursed -1 pair of fumble boots (being worn) Comestibles i - an uncursed clove of garlic A - an uncursed food ration B - an uncursed orange Potions c - an uncursed potion of sickness Rings k - a cursed -3 ring of gain strength D - a cursed -3 ring of increase damage E - an uncursed ring of shock resistance Wands s - a wand of digging (0:6) v - a wand of striking (0:6) x - a wand of slow monster (0:3) Tools d - an uncursed lock pick f - an uncursed sack g - an uncursed blindfold m - an uncursed leather drum Spells and supernatural/magical abilities: Name Level Category Fail Memory W - pray for help -- divine ? -- Your skills at the end: Fighting Skills Weapon Skills dagger [Basic] short sword [Basic] Spellcasting Skills Final Attributes: You were piously aligned. You fumbled. You were stealthy. You are dead. Vanquished creatures: 2 coyotes a hobbit a yellow mold a garter snake 2 jackals a fox a kobold 4 goblins a sewer rat 2 grid bugs 4 lichens a kobold zombie a newt 22 creatures vanquished. Voluntary challenges: You were an atheist. You used a wielded weapon 16 times, starting on turn 2. You read items or engraved 7 times, starting on turn 812. You never genocided any monsters. You never polymorphed an object. You never changed form. You used no wishes. You never split a pudding. You wrote Elbereth's name 4 times, starting on turn 812. You never violated your personal moral code. Dungeon overview: The Dungeons of Doom: levels 1 to 3 Level 1 a long staircase Level 2 a general store Level 3 <- You were here an armor shop, a fountain a long staircase History has recorded: On T:1 you entered the Dungeons of Doom to retrieve the Amulet of Yendor! On T:249 you advanced to experience level 2. On T:400 you reached level 2 of The Dungeons of Doom. On T:565 you advanced to experience level 3. On T:1291 you reached level 3 of The Dungeons of Doom. Score breakdown: Gold: 24 ( 4755 points) Experience: 3 levels ( 7878 points) Exploration: 3 levels ( 6.67%) ( 6396 points) Discoveries: 7 items ( 2.35%) ( 4597 points) Valuables value: (no points given unless you survive) Artifact value: 0 ( 0 points) Variety of kills: 13 monsters ( 3.41%) ( 5541 points) Turncount: 1615 turns ( 0 points) Survival: died (score multiplied by 80%) Total score: 23333 Latest messages: Azog drops a visored helmet. You start equipping your pair of riding gloves. You are now wearing a pair of riding gloves. Oops! That feels deathly cold. You see here a scale mail (67 zorkmids). You see here a ring mail (150 zorkmids). You see here a banded mail (150 zorkmids). You see here an apron (99 zorkmids). You see here a ring mail (150 zorkmids). You see here a crude ring mail (159 zorkmids). You flounder. You make a lot of noise! You hear bubbling water. The hobbit wields a runed dagger! You hit the hobbit. The hobbit thrusts her runed dagger. The hobbit hits! You kill the hobbit! You see here a runed dagger. You trip over it. You make a lot of noise! The giant bat bites! (2x) You hit the giant bat. The giant bat bites! (4x) You die... Final status: Goodbye azgula the Rogue, killed by a giant bat... You died in The Dungeons of Doom on dungeon level 3 with 23333 points, and 24 pieces of gold, after 1615 moves. You were level 3 with a maximum of 27 hit points when you died.